 Dungeon Crawl Stone Soup version 0.25-a0-713-g4845790874 (webtiles) character file.

Game seed: 7520448814488347626, levelgen mode: deterministic

207 Mgcat the Chopper (level 5, -6/43 HPs)
             Began as a Mummy Berserker on Apr 5, 2020.
             Was a Believer of Trog.
             Mangled by an iguana (11 damage)
             ... on level 4 of the Dungeon.
             The game lasted 00:07:57 (4727 turns).

Mgcat the Chopper (Mummy Berserker)                 Turns: 4727, Time: 00:07:57

Health: -6/43      AC:  7    Str: 21    XL:     5   Next: 54%
Magic:  5/5        EV: 11    Int:  6    God:    Trog [**....]
Gold:   88         SH:  0    Dex: 12    Spells: 4/4 levels left

rFire    x . .     SeeInvis .   a - +0 hand axe
rCold    + . .     Gourm    .   (no shield)
rNeg     + + +     Faith    .   f - +0 ring mail
rPois    ∞         Spirit   .   e - +0 helmet
rElec    .         Reflect  .   (no cloak)
rCorr    .         Harm     .   d - +0 pair of gloves
MR       ++...                  (no boots)
Stlth    +.........             (no amulet)
HPRegen  1.14/turn              (no ring)
MPRegen  0.09/turn              (no ring)

@: regenerating
A: no food or potions, fire vulnerability, cold resistance 1, negative energy
resistance 3, torment resistance, unbreathing
a: Trog's Hand, Renounce Religion


You were on level 4 of the Dungeon.
You worshipped Trog.
Trog was pleased with you.
You were not hungry.

You visited 1 branch of the dungeon, and saw 5 of its levels.

You collected 88 gold pieces.

Inventory:

Hand Weapons
 a - a +0 hand axe (weapon)
 c - a +0 dagger of draining
   (You found it on level 2 of the Dungeon)
Armour
 d - a +0 pair of gloves (worn)
   (You found it on level 2 of the Dungeon)
 e - a +0 helmet (worn)
   (You took it off Robin on level 2 of the Dungeon)
 f - a +0 ring mail (worn)
   (You found it on level 2 of the Dungeon)
Jewellery
 b - an uncursed ring of ice {unknown}
   (You found it on level 3 of the Dungeon)


   Skills:
 + Level 4.3 Fighting
 * Level 4.5 Axes
 - Level 1.5 Armour
 - Level 1.5 Dodging


You had 4 spell levels left.
You didn't know any spells.
Your spell library was empty.

Dungeon Overview and Level Annotations

Branches:
Dungeon (5/15)
 Temple: D:4-7

Altars:
Ashenzari

Annotations:
D:3 Sigmund
D:4 Edmund


Innate Abilities, Weirdness & Mutations

You do not eat or drink.
Your flesh is vulnerable to fire.
You are immune to poison.
Your flesh is cold resistant. (rC+)
You are immune to negative energy. (rN+++)
You are immune to unholy pain and torment.
You can survive without breathing.


Message History

Edmund is lightly wounded.
You hit Edmund but do no damage.
Edmund is lightly wounded.
Edmund barely misses you.
As you read the scroll labeled HUORU YCUGRE, it crumbles to dust.
You feel blessed for a moment.
It was a scroll of remove curse.
Edmund misses you.
As you read the scroll labeled PAEH HALLACULA, it crumbles to dust.
It is a scroll of amnesia.
You feel forgetful for a moment.
Edmund says, "People think my brother is the best.
I think he's crazy."
Edmund hits you with a +4 flail of protection.
You take 6 damage, and have 25/43 hp.
Unknown command.
Unknown command.
You see here a brown potion.
You see here a scroll of teleportation.
g - a scroll of teleportation Edmund closely misses you.
As you read the scroll of teleportation, it crumbles to dust.
You feel strangely unstable.
Edmund hits you with a +4 flail of protection!
You take 7 damage, and have 21/43 hp.
Your surroundings suddenly seem different.
You start resting.
HP restored.
You regained 14 hp, and now have 36/43 hp.
You start resting.
HP restored.
Health restored: 43
There is a stone staircase leading down here.
You climb downwards.
An iguana, a zombie and a skeleton come into view.
The iguana hisses angrily.
There is a stone staircase leading up here.
Unknown command.
Unknown command.
The bullfrog zombie hits you but does no damage.
The iguana completely misses you.
You climb upwards.
Level annotation: Edmund
There is a stone staircase leading down here.
You hit the iguana.
The iguana is lightly wounded.
The iguana barely misses you.
Unknown command.
Your ring mail prevents you from hitting the iguana.
The iguana is lightly wounded.
The iguana closely misses you.
You barely miss the iguana.
The iguana is lightly wounded.
The iguana bites you.
You take 5 damage, and have 38/43 hp.
You completely miss the iguana.
The iguana is lightly wounded.
The iguana bites you.
You take 4 damage, and have 34/43 hp.
You closely miss the iguana.
The iguana is lightly wounded.
The iguana bites you.
You take 1 damage, and have 33/43 hp.
You barely miss the iguana.
The iguana is lightly wounded.
The iguana bites you.
You take 3 damage, and have 30/43 hp.
You are too injured to fight recklessly!
You are too injured to fight recklessly!
Unknown command.
Unknown command.
You hit the iguana.
The iguana is moderately wounded.
The iguana closely misses you.
You completely miss the iguana.
The iguana is moderately wounded.
The iguana bites you but does no damage.
You hit the iguana.
The iguana is severely wounded.
The iguana bites you.
You take 5 damage, and have 25/43 hp.
You barely miss the iguana.
The iguana is severely wounded.
The iguana bites you!
You take 7 damage, and have 18/43 hp.
You hit the iguana but do no damage.
The iguana is severely wounded.
The iguana closely misses you.
You hit the iguana but do no damage.
The iguana is severely wounded.
The iguana bites you. x2
* * * LOW HITPOINT WARNING * * *
You take 10 damage, and have 9/43 hp.
MASSIVE DAMAGE!!
Your skin crawls.
You feel resistant to hostile enchantments.
The iguana bites you.
* * * LOW HITPOINT WARNING * * *
You take 5 damage, and have 4/43 hp.
You hit the iguana but do no damage.
The iguana is severely wounded.
The iguana bites you!
You die...

## .....###..# ##..##..##
..#..# #..###..#####.##
#### .##..###...#..## ##.##
..... #.........## ##.#
..... #.........# ###.##
.#### #.........######....#
.# #....<......##...##..#
..# ........l.......### .##
..# #.......#@......## .#
... ......###......## ##
#.. .....# #......# ..# .
....!# #......####...# ..
....## #...(.......# ##
...####..###...........#..#
.................####..#
............#..####...#..
.##.......#........## #


You could see an iguana.

Vanquished Creatures
  A hound (D:1)
  Robin (D:2)
  9 adders
  2 adder skeletons (D:4)
  A worm (D:1)
  3 dart slugs (D:1)
  2 leopard geckos (D:1)
  3 giant cockroaches
  14 goblins
  7 hobgoblins
  3 jackals (D:1)
  A ball python skeleton (D:4)
  8 bats
  11 frilled lizards
  11 kobolds
  7 rats
84 creatures vanquished.

Vanquished Creatures (others)
  8 plants (D:1)
8 creatures vanquished.

Grand Total: 92 creatures vanquished

Notes
Turn   | Place    | Note
-------+----------+-------------------------------------------
     0 | D:1      | Mgcat the Mummy Berserker began the quest for the Orb.
     0 | D:1      | Reached XP level 1. HP: 18/18 MP: 1/1
   227 | D:1      | Reached XP level 2. HP: 13/24 MP: 2/2
   530 | D:1      | Reached skill level 3 in Axes
   540 | D:1      | HP: 6/24 [kobold/stone (1)]
   548 | D:1      | HP: 3/24 [dart slug/slug dart (4)]
  1095 | D:1      | Reached XP level 3. HP: 27/29 MP: 3/3
  1202 | D:1      | HP: 7/29 [leopard gecko (3)]
  1216 | D:1      | HP: 5/29 [leopard gecko (3)]
  1223 | D:1      | HP: 1/29 [leopard gecko (4)]
  2009 | D:1      | Reached XP level 4. HP: 14/37 MP: 4/4
  2227 | D:2      | Reached ** piety under Trog
  2296 | D:2      | Noticed Robin
  3236 | D:2      | Reached skill level 4 in Fighting
  3236 | D:2      | Reached skill level 4 in Axes
  3510 | D:2      | HP: 5/37 [Robin/+0 club (11)]
  3511 | D:2      | Killed Robin
  3511 | D:2      | Reached XP level 5. HP: 6/42 MP: 5/5
  4033 | D:3      | Found a shattered altar of Ashenzari.
  4086 | D:3      | Noticed Sigmund
  4471 | D:4      | Noticed Edmund
  4711 | D:5      | Entered Level 5 of the Dungeon
  4725 | D:4      | HP: 9/43 [iguana (5)]
  4726 | D:4      | HP: 4/43 [iguana (6)]
  4727 | D:4      | Mangled by an iguana

Levels and vault maps discovered:
D:1:      dpeg_arrival_tiny_i, layout_basic, minmay_lizard_king
D:2:      layout_rooms, first_ration, uniq_robin
D:3:      layout_rooms, lemuel_round_altar, serial_forest,
          infiniplex_forest_corner_2, infiniplex_forest_fountain,
          infiniplex_forest_clump_medium, infiniplex_forest_lined_1,
          infiniplex_forest_corner_1, uniq_sigmund, uniq_jessica, uniq_grinder
D:4:      layout_layer_cave, minmay_temple_entry_large_hall, grunt_ministairs_6,
          uniq_edmund
D:5:      layout_rooms, serial_shops, shop

Skill      XL: |  1  2  3  4 |
---------------+-------------+-----
Axes           | 3 4 |  4.5
Fighting       | 4 |  4.3
Armour         | |  1.5
Dodging        | |  1.5

Action                   |  1- 3 |  4- 6 || total
-------------------------+-------+-------++-------
Melee: Hand axe          |   149 |   185 ||   334
Invok: Trog's Hand       |       |     2 ||     2
  Use: Scroll            |     5 |     3 ||     8
 Stab: Distracted        |     1 |       ||     1
Armor: Animal skin       |    51 |    21 ||    72
       Ring mail         |       |    25 ||    25
Dodge: Dodged            |   113 |   130 ||   243

Table legend:
 A = Non-vault XP
 B = Vault XP
 C = Vault XP percentage of total XP
 D = Non-vault monster count
 E = Vault monster count
 F = Vault count percentage of total count
                 A         B        C        D         E       F
            +---------+---------+-------+---------+---------+-------
      Total |     257 |      40 |  13.5 |      67 |      17 |  20.2
            +---------+---------+-------+---------+---------+-------
        D:1 |     113 |       7 |   5.8 |      35 |       5 |  12.5
        D:2 |      75 |      33 |  30.6 |      19 |      12 |  38.7
        D:3 |      33 |       0 |   0.0 |       8 |       0 |   0.0
        D:4 |      36 |       0 |   0.0 |       5 |       0 |   0.0
            +---------+---------+-------+---------+---------+-------

Levels and vault maps discovered:
D:1:      dpeg_arrival_tiny_i, layout_basic, minmay_lizard_king
D:2:      layout_rooms, first_ration, uniq_robin
D:3:      layout_rooms, lemuel_round_altar, serial_forest,
          infiniplex_forest_corner_2, infiniplex_forest_fountain,
          infiniplex_forest_clump_medium, infiniplex_forest_lined_1,
          infiniplex_forest_corner_1, uniq_sigmund, uniq_jessica, uniq_grinder
D:4:      layout_layer_cave, minmay_temple_entry_large_hall, grunt_ministairs_6,
          uniq_edmund
D:5:      layout_rooms, serial_shops, shop

Table legend:
 A = Turns spent in this place as a percentage of turns spent in the entire game.
 B = Non-inter-level travel turns spent in this place as a percentage of non-inter-level travel turns spent in the entire game.
 C = Inter-level travel turns spent in this place as a percentage of turns spent in this place.
 D = Turns resting spent in this place as a percentage of non-inter-level travel turns spent in this place.
 E = Turns spent auto-exploring this place as a percentage of non-inter-level travel turns spent in this place.
 F = Non-inter-level travel turns spent in this place divided by the number of levels of this place that you've seen.
                   A       B       C       D       E      F
               +-------+-------+-------+-------+-------+----------------------
         Total | 100.0 | 100.0 |   3.5 |  43.0 |  37.5 | 912.0
       Dungeon | 100.0 | 100.0 |   3.5 |  43.0 |  37.5 | 912.0
               +-------+-------+-------+-------+-------+----------------------

Table legend:
 A = Kills in this place as a percentage of kills in entire the game.
 B = Kills by you in this place as a percentage of kills by you in the entire game.
 C = Kills by friends in this place as a percentage of kills by friends in the entire game.
 D = Other kills in this place as a percentage of other kills in the entire game.
 E = Experience gained in this place as a percentage of experience gained in the entire game.
 F = Experience gained in this place divided by the number of levels of this place that you have seen.
                   A       B       C       D       E      F
               +-------+-------+-------+-------+-------+----------------------
         Total | 100.0 | 100.0 |   N/A |   N/A | 100.0 |  59.4
       Dungeon | 100.0 | 100.0 |   N/A |   N/A | 100.0 |  59.4
               +-------+-------+-------+-------+-------+----------------------
